 Dungeon Crawl Stone Soup version 0.20.1-1-g8b1a95d (webtiles) character file.

8974 tmwrnj the Basher (level 11, -2/95 HPs)
             Began as a Hill Orc Fighter on Aug 1, 2017.
             Was a High Priest of Beogh.
             Killed from afar by an orc sorcerer (11 damage)
             ... with a bolt of negative energy
             ... on level 2 of the Orcish Mines.
             The game lasted 00:43:55 (11571 turns).

tmwrnj the Basher (Hill Orc Fighter)               Turns: 11571, Time: 00:43:56

Health: -2/95      AC: 18    Str: 23    XL:     11   Next: 39%
Magic:  11/11      EV: 10    Int:  8    God:    Beogh [*****.]
Gold:   1648       SH: 12    Dex: 13    Spells: 10/10 levels left

rFire    . . .     SeeInvis .   a - +0 flail
rCold    . . .     Gourm    .   c - +0 shield
rNeg     . . .     Faith    .   n - +0 plate armour
rPois    .         Spirit   .   b - +1 helmet
rElec    .         Reflect  .   (no cloak)
rCorr    .         Harm     .   (no gloves)
MR       .....                  h - +1 pair of boots
Stlth    ..........             (no amulet)
Regen    0.3/turn               D - +4 ring of evasion
MPRegen  0.2/turn               A - +3 ring of dexterity

@: drained
A: walk on water
a: Smiting, Recall Orcish Followers, Give Item to Named Follower, Renounce
Religion


You were on level 2 of the Orcish Mines.
You worshipped Beogh.
Beogh was extremely pleased with you.
You were hungry.

You visited 2 branches of the dungeon, and saw 11 of its levels.
You also visited: Sewer and Bailey.

You collected 1648 gold pieces.

Inventory:

Hand Weapons
 a - a +0 flail (weapon)
 w - a +0 whip
 I - a +2 whip of flaming
 S - a +2 dire flail of holy wrath
Missiles
 L - 31 tomahawks of returning (quivered)
Armour
 b - a +1 helmet (worn)
 c - a +0 shield (worn)
 h - a +1 pair of boots (worn)
 n - a +0 plate armour (worn)
Jewellery
 A - a +3 ring of dexterity (right hand)
 D - a +4 ring of evasion (left hand)
 E - an uncursed ring of wizardry
 K - an uncursed ring of protection from fire
 O - an uncursed ring of protection from fire
Wands
 g - a wand of flame (16/48)
 G - a wand of confusion (39/48)
 P - a wand of flame (26/48)
Scrolls
 e - 3 scrolls of enchant armour
 i - a scroll of recharging {unknown}
 k - 5 scrolls of amnesia
 l - 2 scrolls of enchant weapon
 m - a scroll of fog {unknown}
 p - 4 scrolls of teleportation
 t - a scroll of noise {unknown}
 u - 5 scrolls of identify
 y - 3 scrolls of remove curse
 J - a scroll of magic mapping {unknown}
 T - a scroll of random uselessness {unknown}
Potions
 d - 4 potions of might
 q - a potion of haste {unknown}
 r - a potion of berserk rage {unknown}
 s - 5 potions of curing
 v - 4 potions of ambrosia
 x - 5 potions of flight
 z - 3 potions of agility
 C - a potion of brilliance {unknown}
 F - a potion of invisibility {unknown}
 M - a potion of lignification {unknown}
 N - 2 potions of degeneration {unknown}
 Q - a potion of magic
 R - a potion of heal wounds
Books
 B - a book of Annihilations

   Spells                             Type                      Level
   a - Poison Arrow                   Conjuration/Poison           6
   b - Chain Lightning                Conjuration/Air              8
   c - Lehudib's Crystal Spear        Conjuration/Earth            8
   d - Glaciate                       Conjuration/Ice              9
   e - Fire Storm                     Conjuration/Fire             9
Comestibles
 f - 7 bread rations
 j - 2 royal jellies
 o - 6 meat rations
 H - a fruit


   Skills:
 + Level 8.5(8.0) Fighting
 + Level 11.1(10.6) Maces & Flails
 + Level 0.1(0.0) Throwing
 + Level 9.0(8.4) Armour
 + Level 1.2(0.8) Dodging
 + Level 1.7(1.3) Stealth
 + Level 11.1(10.5) Shields


You had 10 spell levels left.
You didn't know any spells.

Dungeon Overview and Level Annotations

Branches:
Dungeon (9/15)             Temple (0/1) D:6             Orc (2/2) D:9
    Elf (0/3) Orc:2
   Lair: D:8-11

Altars:
Dithmenos
Makhleb
Okawaru
Qazlal
Sif Muna
Trog
Vehumet
Zin
Beogh

Shops:
D:9 (   Orc:2 (

Annotations:
D:2 Sigmund
D:7 Megalobster's ghost, novice DDFi


Message History

Something hits your orc!!
Your orc dies!
Something hits your orc priest!
Your orc priest dies!
Something barely misses your orc warrior.
The orc sorcerer hits your orc warrior but does no damage.
Your orc warrior goes into a battle-frenzy!
The ynoxinul gestures.
Your orc warrior no longer looks unusually strong.
Your orc warrior hits the orc sorcerer with a flail of protection!
Something hits your orc warrior! x2
Your orc warrior dies!
Your orc warrior hits something with a scimitar!!
The orc sorcerer casts a spell at your orc warrior.
The bolt of negative energy hits your orc warrior.
Your orc warrior is drained!
Your orc warrior dies!
The bolt of negative energy hits you!
You feel drained.
You die...
Beogh appreciates the orc sorcerer's killing of a heretic priest.

###### ##o@.4#####
##oo##))4o5## .....#
#..##oo)o53.# ##..
....###.##..o##.#.∩#
##.#.##...##..##oo##
.# .#
....#.....##.##... .
##.#......##.##.)o #
..........##o##..)
...#......##o#####.


You could see an orange demon, a ynoxinul, a chaos spawn, an orc sorcerer
(unaware), an orc warrior, 2 ufetubi, 2 friendly orc priests and a friendly orc.

Vanquished Creatures
  Pikel (D:5)
  A troll (Orc:2)
  2 hippogriffs
  A hungry ghost (D:8)
  Duvessa (D:6)
  A porcupine (D:9)
  2 slaves (D:5)
  2 ice beasts (D:7)
  6 orc warriors
  2 phantoms
  4 sky beasts
  6 ogres
  3 centaurs
  4 bullfrogs
  4 big kobolds
  Dowan (D:6)
  A water moccasin skeleton (D:8)
  A scorpion (D:8)
  A wight (D:8)
  3 crimson imps
  3 orc wizards
  3 hounds
  A jelly (D:6)
  An orc priest (Orc:2)
  An iguana (D:4)
  Jessica (D:2)
  A gnoll shaman (D:5)
  Ijyb (D:3)
  7 worker ants
  A hound zombie (D:7)
  A hound skeleton (D:4)
  Robin (D:2)
  A howler monkey zombie (D:6)
  3 gnolls (D:8)
  16 adders
  7 river rats
  A shadow imp (D:5)
  3 oozes
  An adder zombie (D:7)
  A worm (D:4)
  3 leopard geckos
  23 orcs
  4 ball pythons
  10 giant cockroaches
  24 goblins
  14 hobgoblins
  17 jackals
  26 kobolds
  12 quokkas
  10 bats
  5 frilled lizards
  A jackal zombie (D:6)
  2 leopard gecko skeletons
  2 quokka skeletons (D:4)
  22 rats
  6 fungi
  7 plants (Sewer)
290 creatures vanquished.

Vanquished Creatures (collateral kills)
  5 two-headed ogres
  An orc high priest (Orc:2)
  An orc sorcerer (Orc:2)
  A hippogriff (D:8)
  A hungry ghost (D:8)
  2 porcupines (D:9)
  5 orc warriors
  2 black bears
  A phantom (D:8)
  2 ogres
  A bullfrog (D:8)
  A wyvern zombie (D:8)
  6 wights
  9 orc priests
  A bullfrog skeleton (D:8)
  10 orc wizards
  A leopard gecko (D:9)
  8 orcs
  A jackal (D:8)
  A quokka (D:8)
  A fungus (D:9)
61 creatures vanquished.

Vanquished Creatures (others)
  5 orc warriors
  A slave (D:6)
  2 orc priests (Orc:2)
  4 orc wizards
  A gnoll (D:5)
  25 orcs
38 creatures vanquished.

Grand Total: 389 creatures vanquished

Notes
Turn   | Place    | Note
-------+----------+-------------------------------------------
     0 | D:1      | tmwrnj the Hill Orc Fighter began the quest for the Orb.
     0 | D:1      | Reached XP level 1. HP: 19/19 MP: 1/1
    68 | D:1      | Reached XP level 2. HP: 8/27 MP: 2/2
   525 | D:1      | Reached XP level 3. HP: 30/33 MP: 3/3
  1042 | D:2      | Found a radiant altar of Vehumet.
  1324 | D:2      | Noticed Sigmund
  1361 | D:3      | Reached XP level 4. HP: 41/41 MP: 4/4
  1992 | D:3      | Noticed Ijyb
  2002 | D:3      | Killed Ijyb
  2002 | D:3      | Reached XP level 5. HP: 31/47 MP: 5/5
  2554 | D:3      | Noticed an ogre
  2595 | D:2      | Noticed Jessica
  2597 | D:2      | Killed Jessica
  2652 | D:2      | Found a faded altar of an unknown god.
  2698 | D:2      | Noticed Robin
  2761 | D:2      | Killed Robin
  3650 | D:4      | Found a glowing drain.
  3662 | D:4      | Reached XP level 6. HP: 33/53 MP: 6/6
  3704 | Sewer    | Entered a sewer
  3870 | Sewer    | Reached skill level 5 in Shields
  4112 | Sewer    | Reached skill level 5 in Armour
  4112 | Sewer    | Reached XP level 7. HP: 49/60 MP: 7/7
  4507 | D:4      | Became a worshipper of Beogh the Brigand
  4539 | D:4      | Reached skill level 5 in Fighting
  4576 | D:4      | Found a bloodstained altar of Trog.
  4782 | D:4      | Reached skill level 5 in Maces & Flails
  5454 | D:5      | Entered Level 5 of the Dungeon
  5512 | D:5      | Found a stormy altar of Qazlal.
  5545 | D:5      | Reached XP level 8. HP: 66/69 MP: 8/8
  5655 | D:5      | Reached * piety under Beogh
  6047 | D:5      | Reached ** piety under Beogh
  6258 | D:6      | Found a staircase to the Ecumenical Temple.
  6264 | D:6      | Noticed Pikel
  6426 | D:5      | Killed Pikel
  6426 | D:5      | Reached XP level 9. HP: 33/75 MP: 9/9
  6780 | D:6      | Found a deep blue altar of Sif Muna.
  7382 | D:7      | Noticed Megalobster's ghost (novice DDFi)
  7668 | D:7      | Noticed Dowan
  7669 | D:7      | Noticed Duvessa
  7736 | D:6      | Killed Duvessa
  7761 | D:6      | Killed Dowan
  7979 | D:7      | Found a flagged portal.
  7984 | Bailey   | Entered a bailey
  8112 | Bailey   | Found an iron altar of Okawaru.
  8129 | Bailey   | Reached skill level 1 in Dodging
  8914 | D:7      | Reached XP level 10. HP: 86/86 MP: 10/10
  9091 | D:7      | Found a glowing silver altar of Zin.
  9110 | D:7      | Found a burning altar of Makhleb.
  9204 | D:8      | Found a shadowy altar of Dithmenos.
  9340 | D:8      | Reached *** piety under Beogh
  9430 | D:8      | Noticed a two-headed ogre
  9433 | D:8      | Gained Orkwin as an ally
  9438 | D:8      | Killed a two-headed ogre
  9442 | D:8      | Reached skill level 1 in Stealth
  9857 | D:8      | Reached skill level 10 in Maces & Flails
 10021 | D:8      | Noticed a two-headed ogre
 10031 | D:8      | Killed a two-headed ogre
 10031 | D:8      | Reached skill level 10 in Shields
 10032 | D:8      | Noticed a two-headed ogre
 10042 | D:8      | Killed a two-headed ogre
 10301 | D:8      | Found an iron altar of Okawaru.
 10776 | D:9      | Noticed a two-headed ogre
 10784 | D:9      | Killed a two-headed ogre
 10784 | D:9      | Reached XP level 11. HP: 82/95 MP: 11/11
 10838 | D:9      | Reached **** piety under Beogh
 10972 | D:9      | Noticed a two-headed ogre
 10978 | D:9      | Killed a two-headed ogre
 10991 | D:9      | Found Collep's Weapon Shop.
 11048 | D:9      | Found a roughly hewn altar of Beogh.
 11048 | D:9      | Found a staircase to the Orcish Mines.
 11100 | Orc:1    | Entered Level 1 of the Orcish Mines
 11209 | Orc:2    | Entered Level 2 of the Orcish Mines
 11209 | Orc:2    | Found a staircase to the Elven Halls.
 11209 | Orc:2    | Noticed an orc sorcerer
 11223 | Orc:2    | Killed an orc sorcerer
 11478 | Orc:2    | Reached ***** piety under Beogh
 11548 | Orc:2    | Noticed an orc sorcerer
 11550 | Orc:2    | Found Muykk's Antique Weapon Shop.
 11556 | Orc:2    | Noticed an orc high priest
 11559 | Orc:2    | Noticed an orc knight
 11561 | Orc:2    | Noticed an orc knight
 11561 | Orc:2    | Paralysed by an orc sorcerer for 6 turns
 11565 | Orc:2    | Killed an orc high priest
 11566 | Orc:2    | Noticed an orc knight
 11566 | Orc:2    | Noticed an orc high priest
 11571 | Orc:2    | Killed from afar by an orc sorcerer

Skill      XL: |  1  2  3  4  5  6  7  8  9 10 11 |
---------------+----------------------------------+-----
Fighting       | 4 5 6 7 8 |  8.5
Armour         | 4 5 6 7 8 9 |  9.0
Shields        | 4 5 7 9 10 11 | 11.1
Maces & Flails | 3 4 6 8 9 10 11 | 11.1
Dodging        | 1 |  1.2
Stealth        | 1 |  1.7
Throwing       | |  0.1

Action                   |  1- 3 |  4- 6 |  7- 9 | 10-12 || total
-------------------------+-------+-------+-------+-------++-------
Melee: Flail             |   112 |   412 |   686 |   186 ||  1396
       Whip              |       |       |   296 |   130 ||   426
Throw: Tomahawk          |       |       |       |     2 ||     2
Invok: Convert to Beogh  |       |       |     1 |       ||     1
  Use: Potion            |       |     2 |     2 |       ||     4
       Scroll            |       |     1 |     1 |     6 ||     8
 Stab: Distracted        |       |       |       |     2 ||     2
  Eat: Chunk             |     1 |    10 |    16 |     9 ||    36
       Fruit             |       |       |     1 |     2 ||     3
Armor: Scale mail        |    83 |    27 |       |       ||   110
       Plate armour      |       |   266 |   383 |   104 ||   753
Dodge: Dodged            |    51 |    61 |   190 |   100 ||   402
Block: Shield            |    95 |   241 |   441 |   162 ||   939
